[ AOE2 MATCH · #480261278 ]
UnrankedBohemians vs Franks
[ REPLAY ANALYSIS · EXTRACTED FROM THE RECORDED GAME ]
Feudal
13:58
Castle
17:49
Imperial
—
| APM avg | 41.3 |
| APM peak | 86 |
| eAPM avg | 19.3 |
| Villagers / military | 60 / 8 |
Focus
⚔️ 38.1% · 🌾 61.9%
Hussite Wagon ×6 · Spearman ×2
Feudal
13:25
Castle
21:58
Imperial
—
| APM avg | 48.9 |
| APM peak | 119 |
| eAPM avg | 17.3 |
| Villagers / military | 51 / 7 |
Focus
⚔️ 29.5% · 🌾 70.5%
Fishing Ship ×7 · Knight ×6 · Scout Cavalry ×1
Feudal
13:51
Castle
17:35
Imperial
—
| APM avg | 22.0 |
| APM peak | 37 |
| eAPM avg | 10.7 |
| Villagers / military | 32 / 4 |
Focus
⚔️ 21.7% · 🌾 78.3%
Unknown (2550) ×9 · Mangonel ×2 · Spearman ×2
Feudal
12:51
Castle
20:56
Imperial
—
| APM avg | 43.5 |
| APM peak | 85 |
| eAPM avg | 17.7 |
| Villagers / military | 48 / 14 |
Focus
⚔️ 28.3% · 🌾 71.7%
Battering Ram ×5 · Scout Cavalry ×4 · Scorpion ×3 · Spearman ×2
Feudal
15:27
Castle
20:03
Imperial
—
| APM avg | 44.7 |
| APM peak | 90 |
| eAPM avg | 16.8 |
| Villagers / military | 44 / 5 |
Focus
⚔️ 14.5% · 🌾 85.5%
Spearman ×5
Feudal
11:43
Castle
22:17
Imperial
—
| APM avg | 45.5 |
| APM peak | 80 |
| eAPM avg | 20.5 |
| Villagers / military | 39 / 16 |
Focus
⚔️ 45.7% · 🌾 54.3%
Scout Cavalry ×8 · Cavalry Archer ×7 · Monk ×1
Feudal
13:28
Castle
21:36
Imperial
—
| APM avg | 26.8 |
| APM peak | 57 |
| eAPM avg | 13.2 |
| Villagers / military | 44 / 9 |
Focus
⚔️ 11.9% · 🌾 88.1%
Spearman ×7 · Huskarl ×2
Feudal
13:08
Castle
17:05
Imperial
—
| APM avg | 21.4 |
| APM peak | 42 |
| eAPM avg | 10.3 |
| Villagers / military | 52 / 11 |
Focus
⚔️ 20.5% · 🌾 79.5%
Plumed Archer ×9 · Spearman ×1 · Eagle Scout ×1
Match map
Initial resources + every placement click. Lines = walls · curves = elevation contours. ◆ gold · ⬟ stone · ● berries · ✦ relic · ◌ wall gap
Your base· Open — unwalled flank
yecjoel's base· Open — 4t gap
Leonidas's base· Open — unwalled flank
Weichbrot's base· Open — unwalled flank
SHK9682's base· Open — unwalled flank
|AT| Gorkha's base· Open — unwalled flank
牛奶罐's base· Open — unwalled flank
J10KQ's base· Open — 13t gap
Smoothed initial terrain · ◌ = detected wall gap · hover for details
Inputs per minute
— RoronoaZoro3785 - - yecjoel
Build order — RoronoaZoro3785
89 actions detected in the replay
| 0:10 | Build | Town Center |
| 0:29 | Build | House |
| 2:53 | Queue | Villager (Male) ×4 |
| 2:54 | Queue | Villager (Male) ×4 |
| 2:54 | Queue | Villager (Male) ×4 |
| 4:10 | Queue | Villager (Male) |
| 4:10 | Queue | Villager (Male) |
| 4:11 | Queue | Villager (Male) |
| 4:36 | Queue | Villager (Male) |
| 4:36 | Queue | Villager (Male) |
| 4:36 | Queue | Villager (Male) |
| 5:17 | Queue | Villager (Male) |
| 5:17 | Queue | Villager (Male) |
| 5:17 | Queue | Villager (Male) |
| 5:18 | Queue | Villager (Male) |
| 5:26 | Build | Lumber Camp |
| 5:28 | Queue | Villager (Male) |
| 5:29 | Queue | Villager (Male) |
| 5:29 | Queue | Villager (Male) |
| 5:45 | Queue | Villager (Male) |
| 5:45 | Queue | Villager (Male) |
| 5:45 | Queue | Villager (Male) |
| 5:53 | Build | House |
| 5:55 | Research | Loom |
| 6:02 | Queue | Villager (Male) |
| 6:02 | Queue | Villager (Male) |
| 6:03 | Queue | Villager (Male) |
| 6:22 | Queue | Villager (Male) |
| 6:22 | Queue | Villager (Male) |
| 6:22 | Queue | Villager (Male) |
| 7:09 | Queue | Villager (Male) |
| 7:09 | Queue | Villager (Male) |
| 7:41 | Build | House |
| 8:04 | Queue | Villager (Male) |
| 8:35 | Queue | Villager (Male) |
| 9:12 | Queue | Villager (Male) |
| 9:28 | Build | House |
| 9:43 | Queue | Villager (Male) |
| 9:43 | Queue | Villager (Male) |
| 9:43 | Queue | Villager (Male) |
| 10:30 | Queue | Villager (Male) |
| 11:08 | Build | Mill |
| 11:20 | Queue | Villager (Male) |
| 11:47 | Build | Mining Camp |
| 11:48 | Research | Feudal Age |
| 13:58 | Age | Feudal Age |
| 13:59 | Build | Blacksmith |
| 14:04 | Build | Market |
| 14:18 | Queue | Villager (Male) |
| 14:19 | Queue | Villager (Male) |
| 14:56 | Build | House |
| 15:09 | Research | Castle Age |
| 15:10 | Research | Castle Age |
| 15:10 | Research | Castle Age |
| 15:23 | Build | Mining Camp |
| 16:40 | Build | Barracks |
| 17:49 | Age | Castle Age |
| 17:54 | Queue | Villager (Male) |
| 17:55 | Queue | Villager (Male) |
| 18:09 | Build | Castle |
| 18:25 | Queue | Villager (Male) |
| 18:41 | Build | Palisade Wall |
| 18:50 | Queue | Spearman |
| 18:53 | Queue | Villager (Male) |
| 18:53 | Queue | Villager (Male) |
| 19:04 | Queue | Villager (Male) |
| 19:10 | Build | Palisade Wall |
| 19:13 | Build | Palisade Wall |
| 19:16 | Build | Palisade Wall |
| 19:20 | Queue | Spearman |
| 20:27 | Queue | Villager (Male) |
| 20:27 | Queue | Villager (Male) |
| 20:27 | Queue | Villager (Male) |
| 20:56 | Queue | Hussite Wagon |
| 20:56 | Queue | Hussite Wagon |
| 20:56 | Queue | Hussite Wagon |
| 21:27 | Queue | Hussite Wagon |
| 21:29 | Queue | Villager (Male) |
| 21:30 | Queue | Villager (Male) |
| 22:17 | Queue | Hussite Wagon |
| 22:17 | Queue | Hussite Wagon |
| 22:54 | Queue | Villager (Male) |
| 22:55 | Queue | Villager (Male) |
| 22:55 | Queue | Villager (Male) |
| 23:10 | Build | Town Center |
| 23:20 | Build | Town Center |
| 23:27 | Build | House |
| 23:31 | Build | House |
| 23:34 | Build | House |
Build order — yecjoel
123 actions detected in the replay
| 0:09 | Build | Town Center |
| 0:28 | Build | Town Center |
| 2:32 | Build | House |
| 2:42 | Queue | Villager (Male) |
| 2:42 | Queue | Villager (Male) |
| 2:42 | Queue | Villager (Male) |
| 2:43 | Queue | Villager (Male) |
| 3:52 | Queue | Villager (Male) |
| 3:52 | Queue | Villager (Male) |
| 4:20 | Build | House |
| 4:56 | Queue | Villager (Male) |
| 4:57 | Queue | Villager (Male) |
| 4:57 | Queue | Villager (Male) |
| 4:57 | Queue | Villager (Male) |
| 5:25 | Queue | Villager (Male) |
| 5:25 | Queue | Villager (Male) |
| 5:26 | Queue | Villager (Male) |
| 5:53 | Build | Lumber Camp |
| 6:40 | Queue | Villager (Male) |
| 6:42 | Queue | Villager (Male) |
| 6:42 | Queue | Villager (Male) |
| 6:42 | Queue | Villager (Male) |
| 6:50 | Build | House |
| 6:57 | Build | House |
| 7:01 | Queue | Villager (Male) |
| 7:01 | Queue | Villager (Male) |
| 7:18 | Queue | Villager (Male) |
| 7:48 | Build | Mill |
| 8:07 | Build | House |
| 8:31 | Queue | Villager (Male) |
| 8:47 | Queue | Villager (Male) |
| 8:48 | Queue | Villager (Male) |
| 8:53 | Queue | Villager (Male) |
| 9:09 | Queue | Villager (Male) |
| 9:09 | Queue | Villager (Male) |
| 9:24 | Queue | Villager (Male) |
| 9:24 | Queue | Villager (Male) |
| 9:35 | Queue | Villager (Male) |
| 9:35 | Queue | Villager (Male) |
| 9:55 | Build | Lumber Camp |
| 10:18 | Queue | Villager (Male) |
| 10:36 | Build | House |
| 10:43 | Build | Dock |
| 11:13 | Research | Feudal Age |
| 11:13 | Research | Feudal Age |
| 11:29 | Build | Mining Camp |
| 11:41 | Queue | Fishing Ship |
| 12:01 | Build | House |
| 12:14 | Build | Palisade Gate |
| 12:22 | Build | Palisade Gate |
| 12:30 | Build | Palisade Gate |
| 12:43 | Build | Palisade Gate |
| 13:00 | Build | Barracks |
| 13:06 | Build | Lumber Camp |
| 13:25 | Age | Feudal Age |
| 13:29 | Queue | Villager (Male) |
| 13:31 | Research | Double-Bit Axe |
| 13:42 | Queue | Fishing Ship |
| 13:59 | Queue | Villager (Male) |
| 14:16 | Build | Stable |
| 14:19 | Queue | Villager (Male) |
| 14:28 | Build | House |
| 14:32 | Queue | Fishing Ship |
| 14:39 | Queue | Villager (Male) |
| 14:49 | Queue | Villager (Male) |
| 15:06 | Queue | Fishing Ship |
| 15:17 | Build | Farm |
| 15:19 | Build | Farm |
| 15:23 | Build | Farm |
| 15:30 | Queue | Villager (Male) |
| 15:33 | Queue | Scout Cavalry |
| 15:37 | Queue | Villager (Male) |
| 15:58 | Queue | Fishing Ship |
| 16:08 | Build | Blacksmith |
| 16:12 | Build | Farm |
| 16:15 | Queue | Villager (Male) |
| 16:41 | Queue | Villager (Male) |
| 16:43 | Queue | Fishing Ship |
| 16:52 | Build | House |
| 17:11 | Queue | Villager (Male) |
| 17:18 | Build | Mill |
| 17:25 | Build | Farm |
| 17:27 | Build | Farm |
| 17:37 | Build | Fish Trap |
| 17:42 | Build | Fish Trap |
| 17:48 | Build | Fish Trap |
| 17:51 | Queue | Villager (Male) |
| 17:51 | Queue | Villager (Male) |
| 18:07 | Queue | Villager (Male) |
| 18:17 | Research | Loom |
| 19:18 | Research | Castle Age |
| 19:18 | Research | Castle Age |
| 19:35 | Research | Gold Mining |
| 19:46 | Build | Stable |
| 20:08 | Build | Stable |
| 20:14 | Build | Mining Camp |
| 20:22 | Research | Scale Barding Armor |
| 20:42 | Queue | Villager (Male) |
| 20:42 | Queue | Villager (Male) |
| 20:49 | Build | House |
| 20:53 | Build | House |
| 21:18 | Queue | Villager (Male) |
| 21:25 | Queue | Fishing Ship |
| 21:32 | Build | Fish Trap |
| 21:38 | Build | Fish Trap |
| 21:41 | Queue | Villager (Male) |
| 21:46 | Build | Dock |
| 21:57 | Queue | Villager (Male) |
| 21:58 | Age | Castle Age |
| 22:01 | Queue | Knight |
| 22:01 | Queue | Knight |
| 22:04 | Queue | Knight |
| 22:12 | Research | Forging |
| 22:26 | Build | Town Center |
| 22:38 | Research | Wheelbarrow |
| 22:41 | Research | Bow Saw |
| 22:53 | Queue | Knight |
| 22:53 | Queue | Knight |
| 22:54 | Queue | Knight |
| 22:59 | Research | Chain Barding Armor |
| 23:01 | Queue | Villager (Male) |
| 23:20 | Queue | Villager (Male) |
| 23:49 | Research | Husbandry |
Build order — Leonidas
90 actions detected in the replay
| 1:18 | Build | Town Center |
| 2:31 | Build | House |
| 3:20 | Queue | Villager (Male) |
| 3:20 | Queue | Villager (Male) |
| 3:21 | Queue | Villager (Male) |
| 3:21 | Queue | Villager (Male) |
| 4:26 | Queue | Villager (Male) |
| 4:51 | Queue | Villager (Male) |
| 5:15 | Build | House |
| 5:21 | Queue | Villager (Male) |
| 5:27 | Build | Settlement |
| 6:01 | Queue | Villager (Male) |
| 6:25 | Queue | Villager (Male) |
| 6:51 | Queue | Villager (Male) |
| 7:30 | Queue | Villager (Male) |
| 7:32 | Queue | Villager (Male) |
| 7:56 | Queue | Villager (Male) |
| 8:00 | Build | House |
| 8:03 | Build | Palisade Wall |
| 8:33 | Build | Settlement |
| 8:43 | Queue | Villager (Male) |
| 8:54 | Queue | Villager (Male) |
| 8:54 | Queue | Villager (Male) |
| 9:18 | Queue | Villager (Male) |
| 9:56 | Queue | Villager (Male) |
| 10:02 | Queue | Villager (Male) |
| 10:36 | Queue | Villager (Male) |
| 11:33 | Research | Feudal Age |
| 11:45 | Queue | Villager (Male) |
| 11:46 | Queue | Villager (Male) |
| 13:51 | Age | Feudal Age |
| 13:54 | Build | Blacksmith |
| 13:56 | Build | Market |
| 14:41 | Build | Barracks |
| 14:55 | Research | Castle Age |
| 15:18 | Research | Scale Mail Armor |
| 15:44 | Build | Settlement |
| 16:04 | Research | Double-Bit Axe |
| 16:14 | Research | Tech 1402 |
| 16:27 | Queue | Spearman |
| 16:32 | Queue | Spearman |
| 16:39 | Queue | Villager (Male) |
| 16:50 | Build | House |
| 16:53 | Build | Palisade Wall |
| 16:54 | Build | Palisade Wall |
| 16:59 | Build | Palisade Wall |
| 17:00 | Build | Palisade Wall |
| 17:05 | Build | Palisade Wall |
| 17:11 | Build | Palisade Wall |
| 17:13 | Build | Palisade Wall |
| 17:21 | Queue | Villager (Male) |
| 17:22 | Queue | Villager (Male) |
| 17:35 | Age | Castle Age |
| 17:39 | Queue | Unit 2550 |
| 18:21 | Research | Horse Collar |
| 18:25 | Build | Farm |
| 18:25 | Build | Farm |
| 18:25 | Build | Farm |
| 18:29 | Queue | Villager (Male) |
| 18:40 | Queue | Unit 2550 |
| 18:52 | Build | Palisade Wall |
| 19:06 | Build | Palisade Wall |
| 19:23 | Queue | Villager (Male) |
| 19:28 | Build | Farm |
| 19:28 | Build | Farm |
| 19:39 | Queue | Villager (Male) |
| 19:44 | Queue | Unit 2550 |
| 20:10 | Build | Siege Workshop |
| 20:17 | Queue | Villager (Male) |
| 20:34 | Build | Farm |
| 20:55 | Queue | Villager (Male) |
| 21:13 | Queue | Mangonel |
| 21:15 | Queue | Unit 2550 |
| 21:28 | Build | House |
| 21:28 | Build | House |
| 21:30 | Build | House |
| 21:34 | Build | Palisade Wall |
| 21:35 | Queue | Villager (Male) |
| 21:35 | Queue | Villager (Male) |
| 21:57 | Queue | Mangonel |
| 22:05 | Queue | Unit 2550 |
| 22:05 | Queue | Unit 2550 |
| 22:07 | Build | House |
| 22:39 | Build | Farm |
| 22:56 | Queue | Unit 2550 |
| 22:57 | Queue | Unit 2550 |
| 23:09 | Queue | Unit 2550 |
| 23:32 | Build | Farm |
| 23:34 | Build | Farm |
| 23:37 | Build | Farm |
Build order — Weichbrot
101 actions detected in the replay
| 0:08 | Build | Town Center |
| 2:29 | Build | House |
| 2:39 | Queue | Villager (Male) |
| 2:40 | Queue | Villager (Male) |
| 2:40 | Queue | Villager (Male) |
| 2:40 | Queue | Villager (Male) |
| 3:50 | Build | House |
| 3:54 | Queue | Villager (Male) |
| 3:54 | Queue | Villager (Male) |
| 4:42 | Queue | Villager (Male) |
| 4:42 | Queue | Villager (Male) |
| 4:52 | Queue | Villager (Male) |
| 5:07 | Queue | Villager (Male) |
| 5:07 | Queue | Villager (Male) |
| 5:48 | Build | House |
| 5:49 | Queue | Villager (Male) |
| 5:52 | Queue | Villager (Male) |
| 5:52 | Queue | Villager (Male) |
| 5:52 | Queue | Villager (Male) |
| 6:36 | Queue | Villager (Male) |
| 6:36 | Queue | Villager (Male) |
| 6:56 | Build | Palisade Wall |
| 7:08 | Queue | Villager (Male) |
| 7:17 | Queue | Villager (Male) |
| 7:23 | Build | House |
| 7:24 | Queue | Villager (Male) |
| 7:44 | Queue | Villager (Male) |
| 8:03 | Queue | Villager (Male) |
| 8:49 | Build | Lumber Camp |
| 8:58 | Queue | Villager (Male) |
| 9:04 | Queue | Villager (Male) |
| 9:55 | Research | Loom |
| 10:21 | Build | Mill |
| 10:41 | Research | Feudal Age |
| 10:41 | Research | Feudal Age |
| 11:24 | Queue | Villager (Male) |
| 11:41 | Build | Barracks |
| 11:54 | Build | House |
| 12:27 | Build | Palisade Wall |
| 12:32 | Build | Palisade Wall |
| 12:37 | Queue | Villager (Male) |
| 12:51 | Age | Feudal Age |
| 12:52 | Build | Stable |
| 13:01 | Queue | Villager (Male) |
| 13:10 | Build | Palisade Wall |
| 13:18 | Build | Palisade Wall |
| 13:20 | Build | Palisade Wall |
| 13:23 | Build | Palisade Gate |
| 13:29 | Build | Palisade Wall |
| 13:31 | Queue | Villager (Male) |
| 13:39 | Queue | Scout Cavalry |
| 13:39 | Queue | Scout Cavalry |
| 13:39 | Queue | Scout Cavalry |
| 13:41 | Queue | Spearman |
| 13:53 | Build | House |
| 13:54 | Queue | Villager (Male) |
| 14:02 | Queue | Spearman |
| 14:11 | Build | Mill |
| 14:25 | Queue | Villager (Male) |
| 14:40 | Build | Palisade Wall |
| 14:43 | Build | Palisade Wall |
| 14:45 | Build | Palisade Wall |
| 14:49 | Queue | Villager (Male) |
| 15:03 | Queue | Villager (Male) |
| 15:07 | Build | Blacksmith |
| 15:14 | Queue | Scout Cavalry |
| 15:42 | Queue | Villager (Male) |
| 15:55 | Build | Market |
| 16:22 | Queue | Villager (Male) |
| 16:27 | Queue | Villager (Male) |
| 16:29 | Build | House |
| 16:38 | Queue | Villager (Male) |
| 17:01 | Build | House |
| 17:39 | Build | Mill |
| 18:16 | Research | Castle Age |
| 18:16 | Research | Castle Age |
| 18:35 | Research | Double-Bit Axe |
| 19:38 | Queue | Villager (Male) |
| 20:13 | Queue | Villager (Male) |
| 20:22 | Queue | Villager (Male) |
| 20:49 | Queue | Villager (Male) |
| 20:56 | Age | Castle Age |
| 20:58 | Build | Siege Workshop |
| 21:03 | Build | Siege Workshop |
| 21:05 | Queue | Villager (Male) |
| 21:26 | Queue | Scorpion |
| 21:44 | Queue | Scorpion |
| 21:46 | Queue | Scorpion |
| 21:51 | Queue | Villager (Male) |
| 22:02 | Build | Town Center |
| 22:38 | Queue | Battering Ram |
| 22:45 | Queue | Battering Ram |
| 22:46 | Queue | Villager (Male) |
| 22:55 | Queue | Villager (Male) |
| 22:56 | Queue | Villager (Male) |
| 22:57 | Queue | Villager (Male) |
| 23:03 | Queue | Battering Ram |
| 23:28 | Queue | Battering Ram |
| 23:35 | Queue | Villager (Male) |
| 23:48 | Queue | Battering Ram |
| 23:50 | Queue | Villager (Male) |
Build order — SHK9682
78 actions detected in the replay
| 0:44 | Build | Town Center |
| 1:05 | Build | Town Center |
| 3:47 | Queue | Villager (Male) |
| 3:48 | Queue | Villager (Male) |
| 3:49 | Queue | Villager (Male) |
| 3:56 | Queue | Villager (Male) |
| 4:00 | Build | House |
| 5:41 | Queue | Villager (Male) |
| 5:45 | Build | House |
| 5:49 | Queue | Villager (Male) |
| 5:50 | Queue | Villager (Male) |
| 6:16 | Queue | Villager (Male) |
| 6:16 | Queue | Villager (Male) |
| 6:37 | Queue | Villager (Male) |
| 7:06 | Queue | Villager (Male) |
| 7:18 | Queue | Villager (Male) |
| 7:50 | Queue | Villager (Male) |
| 7:50 | Queue | Villager (Male) |
| 8:17 | Queue | Villager (Male) |
| 8:17 | Queue | Villager (Male) |
| 9:05 | Build | House |
| 9:06 | Research | Loom |
| 9:35 | Queue | Villager (Male) |
| 9:36 | Queue | Villager (Male) |
| 9:52 | Build | House |
| 10:23 | Queue | Villager (Male) |
| 10:33 | Queue | Villager (Male) |
| 10:52 | Queue | Villager (Male) |
| 10:53 | Queue | Villager (Male) |
| 11:03 | Queue | Villager (Male) |
| 11:18 | Queue | Villager (Male) |
| 11:28 | Queue | Villager (Male) |
| 11:33 | Queue | Villager (Male) |
| 11:52 | Queue | Villager (Male) |
| 11:57 | Build | Mill |
| 12:13 | Queue | Villager (Male) |
| 12:36 | Build | Lumber Camp |
| 12:54 | Queue | Villager (Male) |
| 13:04 | Queue | Villager (Male) |
| 13:13 | Queue | Villager (Male) |
| 13:58 | Research | Feudal Age |
| 15:26 | Build | House |
| 15:27 | Age | Feudal Age |
| 15:29 | Queue | Villager (Male) |
| 15:29 | Queue | Villager (Male) |
| 15:29 | Queue | Villager (Male) |
| 15:33 | Build | House |
| 15:38 | Build | Palisade Wall |
| 15:40 | Build | House |
| 15:42 | Build | Palisade Wall |
| 15:51 | Queue | Villager (Male) |
| 15:51 | Queue | Villager (Male) |
| 16:12 | Build | Palisade Wall |
| 16:13 | Build | Palisade Wall |
| 16:22 | Queue | Villager (Male) |
| 16:53 | Queue | Villager (Male) |
| 17:27 | Build | Market |
| 18:03 | Build | Blacksmith |
| 18:27 | Research | Castle Age |
| 18:35 | Build | Barracks |
| 19:30 | Queue | Spearman |
| 19:33 | Queue | Spearman |
| 20:03 | Age | Castle Age |
| 20:08 | Queue | Villager (Male) |
| 20:08 | Queue | Villager (Male) |
| 20:29 | Build | Town Center |
| 20:38 | Queue | Villager (Male) |
| 21:21 | Queue | Spearman |
| 21:32 | Queue | Spearman |
| 21:50 | Queue | Spearman |
| 22:20 | Research | Horse Collar |
| 22:40 | Queue | Villager (Male) |
| 22:56 | Build | Farm |
| 22:59 | Build | Farm |
| 23:00 | Build | Farm |
| 23:02 | Build | Farm |
| 23:15 | Queue | Villager (Male) |
| 23:15 | Queue | Villager (Male) |
Build order — |AT| Gorkha
110 actions detected in the replay
| 0:23 | Build | Town Center |
| 2:13 | Build | House |
| 2:25 | Queue | Villager (Male) |
| 2:25 | Queue | Villager (Male) |
| 2:26 | Queue | Villager (Male) |
| 2:26 | Queue | Villager (Male) |
| 2:26 | Queue | Villager (Male) |
| 3:53 | Build | House |
| 4:02 | Queue | Villager (Male) |
| 4:29 | Queue | Villager (Male) |
| 4:36 | Build | House |
| 4:57 | Queue | Villager (Male) |
| 5:12 | Build | Lumber Camp |
| 5:16 | Queue | Villager (Male) |
| 5:31 | Queue | Villager (Male) |
| 6:09 | Queue | Villager (Male) |
| 6:17 | Build | House |
| 6:33 | Queue | Villager (Male) |
| 6:59 | Build | Palisade Wall |
| 7:00 | Queue | Villager (Male) |
| 7:19 | Queue | Villager (Male) |
| 7:40 | Build | Mill |
| 7:43 | Queue | Villager (Male) |
| 8:14 | Queue | Villager (Male) |
| 8:43 | Queue | Villager (Male) |
| 8:45 | Research | Loom |
| 9:22 | Research | Feudal Age |
| 9:59 | Build | House |
| 10:22 | Build | Barracks |
| 11:36 | Queue | Villager (Male) |
| 11:43 | Age | Feudal Age |
| 11:47 | Build | Stable |
| 11:49 | Research | Double-Bit Axe |
| 12:01 | Queue | Villager (Male) |
| 12:06 | Build | House |
| 12:11 | Queue | Villager (Male) |
| 12:13 | Build | House |
| 12:23 | Build | Palisade Wall |
| 12:25 | Build | Palisade Wall |
| 12:28 | Queue | Villager (Male) |
| 12:37 | Build | Farm |
| 12:54 | Build | House |
| 12:55 | Queue | Scout Cavalry |
| 12:56 | Queue | Scout Cavalry |
| 13:14 | Build | Farm |
| 13:17 | Queue | Villager (Male) |
| 13:29 | Queue | Villager (Male) |
| 13:33 | Build | Palisade Gate |
| 13:36 | Build | Palisade Wall |
| 13:40 | Build | Palisade Wall |
| 13:44 | Build | Farm |
| 13:48 | Build | Farm |
| 13:50 | Build | Farm |
| 13:54 | Queue | Villager (Male) |
| 13:56 | Queue | Scout Cavalry |
| 14:08 | Build | Palisade Wall |
| 14:13 | Build | Farm |
| 14:17 | Queue | Scout Cavalry |
| 14:25 | Queue | Villager (Male) |
| 14:33 | Queue | Scout Cavalry |
| 14:45 | Build | Farm |
| 14:56 | Queue | Villager (Male) |
| 15:13 | Queue | Villager (Male) |
| 15:41 | Queue | Scout Cavalry |
| 15:42 | Queue | Villager (Male) |
| 15:45 | Build | Farm |
| 15:48 | Build | House |
| 15:50 | Build | Palisade Wall |
| 15:51 | Build | Palisade Wall |
| 15:51 | Build | Palisade Wall |
| 15:53 | Build | Farm |
| 16:17 | Queue | Scout Cavalry |
| 16:19 | Queue | Villager (Male) |
| 16:20 | Build | Farm |
| 16:29 | Build | Farm |
| 16:35 | Queue | Scout Cavalry |
| 16:37 | Queue | Villager (Male) |
| 17:00 | Queue | Villager (Male) |
| 17:06 | Build | Market |
| 17:11 | Build | Farm |
| 17:15 | Build | Mining Camp |
| 17:21 | Queue | Villager (Male) |
| 17:48 | Build | Farm |
| 17:50 | Queue | Villager (Male) |
| 18:11 | Build | House |
| 18:14 | Queue | Villager (Male) |
| 19:08 | Queue | Villager (Male) |
| 19:37 | Research | Castle Age |
| 19:38 | Research | Castle Age |
| 19:59 | Build | Archery Range |
| 20:01 | Build | Archery Range |
| 20:27 | Research | Gold Mining |
| 20:41 | Build | Blacksmith |
| 21:34 | Research | Fletching |
| 21:40 | Research | Bloodlines |
| 21:46 | Queue | Villager (Male) |
| 21:50 | Research | Horse Collar |
| 22:17 | Age | Castle Age |
| 22:20 | Queue | Cavalry Archer ×5 |
| 22:23 | Research | Bow Saw |
| 22:43 | Build | Monastery |
| 22:45 | Queue | Villager (Male) |
| 22:48 | Build | Farm |
| 22:55 | Queue | Cavalry Archer |
| 22:56 | Queue | Cavalry Archer |
| 22:58 | Queue | Villager (Male) |
| 23:22 | Build | Lumber Camp |
| 23:27 | Queue | Villager (Male) |
| 23:30 | Build | House |
| 23:31 | Queue | Monk |
Build order — 牛奶罐
85 actions detected in the replay
| 1:09 | Build | Town Center |
| 2:43 | Build | House |
| 2:53 | Build | Mill |
| 3:18 | Queue | Villager (Male) ×4 |
| 3:18 | Queue | Villager (Male) ×4 |
| 3:24 | Research | Loom |
| 3:31 | Build | House |
| 3:57 | Build | House |
| 4:01 | Build | House |
| 5:05 | Queue | Villager (Male) |
| 5:05 | Queue | Villager (Male) |
| 5:34 | Queue | Villager (Male) |
| 5:34 | Queue | Villager (Male) |
| 6:10 | Queue | Villager (Male) |
| 6:10 | Queue | Villager (Male) |
| 6:35 | Queue | Villager (Male) |
| 6:35 | Queue | Villager (Male) |
| 7:08 | Queue | Villager (Male) ×2 |
| 7:39 | Queue | Villager (Male) |
| 8:19 | Queue | Villager (Male) |
| 8:20 | Queue | Villager (Male) |
| 8:20 | Queue | Villager (Male) |
| 8:20 | Queue | Villager (Male) |
| 8:34 | Build | Lumber Camp |
| 8:42 | Queue | Villager (Male) ×2 |
| 8:43 | Queue | Villager (Male) ×2 |
| 9:48 | Queue | Villager (Male) |
| 9:48 | Queue | Villager (Male) |
| 10:15 | Build | House |
| 10:47 | Queue | Villager (Male) |
| 11:09 | Research | Feudal Age |
| 11:42 | Build | Barracks |
| 12:39 | Build | Mining Camp |
| 12:49 | Queue | Villager (Male) |
| 12:49 | Queue | Villager (Male) |
| 12:49 | Queue | Villager (Male) |
| 12:56 | Build | Palisade Gate |
| 12:59 | Build | House |
| 13:01 | Build | House |
| 13:10 | Build | Palisade Wall |
| 13:21 | Queue | Villager (Male) |
| 13:21 | Queue | Villager (Male) |
| 13:28 | Age | Feudal Age |
| 13:29 | Queue | Spearman |
| 13:30 | Queue | Spearman |
| 13:58 | Build | Market |
| 15:11 | Build | Blacksmith |
| 15:48 | Queue | Spearman |
| 15:57 | Queue | Villager (Male) |
| 16:32 | Queue | Villager (Male) |
| 16:32 | Queue | Villager (Male) |
| 17:00 | Build | Palisade Wall |
| 17:10 | Queue | Villager (Male) |
| 17:48 | Queue | Villager (Male) |
| 18:00 | Build | House |
| 18:01 | Build | House |
| 18:27 | Queue | Villager (Male) |
| 18:56 | Research | Castle Age |
| 19:11 | Research | Double-Bit Axe |
| 19:15 | Build | House |
| 19:17 | Build | House |
| 19:35 | Queue | Spearman |
| 19:45 | Research | Horse Collar |
| 20:11 | Build | Farm |
| 20:12 | Build | Farm |
| 20:19 | Queue | Spearman |
| 20:20 | Queue | Spearman |
| 20:40 | Build | Farm |
| 20:58 | Build | Farm |
| 21:23 | Build | Farm |
| 21:29 | Build | Farm |
| 21:32 | Build | Farm |
| 21:36 | Age | Castle Age |
| 21:45 | Build | Castle |
| 22:04 | Queue | Spearman |
| 22:15 | Queue | Villager (Male) |
| 22:16 | Queue | Villager (Male) |
| 22:55 | Build | Mining Camp |
| 23:00 | Queue | Huskarl |
| 23:01 | Queue | Huskarl |
| 23:13 | Build | Farm |
| 23:16 | Build | Farm |
| 23:24 | Build | Farm |
| 23:25 | Build | Farm |
| 23:35 | Queue | Villager (Male) |
Build order — J10KQ
96 actions detected in the replay
| 0:13 | Build | Town Center |
| 0:20 | Build | House |
| 0:21 | Build | House |
| 2:48 | Queue | Villager (Male) |
| 2:48 | Queue | Villager (Male) |
| 2:48 | Queue | Villager (Male) |
| 3:52 | Queue | Villager (Male) |
| 3:52 | Queue | Villager (Male) |
| 4:25 | Queue | Villager (Male) |
| 4:25 | Queue | Villager (Male) |
| 4:43 | Queue | Villager (Male) |
| 4:43 | Queue | Villager (Male) |
| 5:03 | Build | Lumber Camp |
| 5:11 | Queue | Villager (Male) |
| 5:12 | Queue | Villager (Male) |
| 5:42 | Queue | Villager (Male) |
| 6:03 | Queue | Villager (Male) |
| 6:04 | Queue | Villager (Male) |
| 6:31 | Queue | Villager (Male) |
| 6:32 | Queue | Villager (Male) |
| 6:38 | Build | Mill |
| 7:03 | Build | House |
| 7:12 | Queue | Villager (Male) |
| 7:13 | Queue | Villager (Male) |
| 7:30 | Queue | Villager (Male) |
| 7:30 | Queue | Villager (Male) |
| 7:31 | Queue | Villager (Male) |
| 7:32 | Queue | Villager (Male) |
| 8:10 | Queue | Villager (Male) |
| 8:22 | Build | House |
| 8:29 | Queue | Villager (Male) |
| 9:02 | Queue | Villager (Male) |
| 9:25 | Queue | Villager (Male) |
| 9:49 | Queue | Villager (Male) |
| 10:24 | Research | Loom |
| 10:38 | Research | Feudal Age |
| 10:44 | Build | Mining Camp |
| 10:49 | Build | Barracks |
| 11:03 | Build | Palisade Wall |
| 11:05 | Build | Palisade Wall |
| 11:06 | Build | Palisade Wall |
| 11:13 | Build | Palisade Gate |
| 11:16 | Build | Palisade Wall |
| 12:53 | Queue | Villager (Male) |
| 13:08 | Age | Feudal Age |
| 13:15 | Build | Market |
| 13:20 | Queue | Villager (Male) |
| 13:31 | Build | Blacksmith |
| 13:34 | Queue | Villager (Male) |
| 14:25 | Research | Castle Age |
| 14:25 | Research | Castle Age |
| 14:40 | Build | Mining Camp |
| 15:02 | Queue | Spearman |
| 15:28 | Build | Palisade Wall |
| 16:06 | Build | Palisade Wall |
| 16:09 | Build | Palisade Wall |
| 16:22 | Build | Palisade Wall |
| 16:37 | Research | Fletching |
| 16:53 | Queue | Villager (Male) |
| 17:05 | Age | Castle Age |
| 17:32 | Queue | Villager (Male) |
| 17:33 | Queue | Villager (Male) |
| 17:48 | Build | Castle |
| 17:49 | Queue | Villager (Male) |
| 18:02 | Queue | Villager (Male) |
| 18:39 | Queue | Villager (Male) |
| 19:06 | Build | Town Center |
| 19:10 | Queue | Plumed Archer ×2 |
| 19:13 | Queue | Villager (Male) |
| 19:30 | Queue | Plumed Archer |
| 19:31 | Queue | Plumed Archer |
| 19:33 | Queue | Villager (Male) |
| 19:52 | Queue | Villager (Male) |
| 20:20 | Queue | Villager (Male) |
| 20:21 | Queue | Villager (Male) |
| 20:26 | Queue | Villager (Male) |
| 20:38 | Build | University |
| 20:42 | Queue | Villager (Male) |
| 20:52 | Queue | Villager (Male) |
| 21:02 | Queue | Plumed Archer |
| 21:03 | Queue | Plumed Archer |
| 21:03 | Queue | Plumed Archer |
| 21:16 | Research | Double-Bit Axe |
| 21:29 | Queue | Plumed Archer |
| 21:29 | Queue | Plumed Archer |
| 21:34 | Queue | Villager (Male) |
| 21:46 | Build | House |
| 22:00 | Queue | Villager (Male) |
| 22:01 | Queue | Villager (Male) |
| 22:02 | Queue | Villager (Male) |
| 22:44 | Queue | Villager (Male) |
| 22:51 | Queue | Eagle Scout |
| 22:59 | Queue | Villager (Male) |
| 23:19 | Build | Siege Workshop |
| 23:26 | Queue | Villager (Male) |
| 23:47 | Queue | Villager (Male) |
Match timeline
| 6:56 | Weichbrot · wall_segment Palisade Wall x1 |
| 6:59 | |AT| Gorkha · wall_segment Palisade Wall x6 |
| 8:03 | Leonidas · wall_segment Palisade Wall x1 |
| 10:22 | |AT| Gorkha · first_building Barracks |
| 10:43 | yecjoel · first_building Dock |
| 10:49 | J10KQ · first_building Barracks |
| 11:03 | J10KQ · wall_segment Palisade Wall x1 |
| 11:05 | J10KQ · wall_segment Palisade Wall x1 |
| 11:06 | J10KQ · wall_segment Palisade Wall x1 |
| 11:16 | J10KQ · wall_segment Palisade Wall x1 |
| 11:41 | Weichbrot · first_building Barracks |
| 11:42 | 牛奶罐 · first_building Barracks |
| 11:43 | |AT| Gorkha · age_up feudal |
| 11:47 | |AT| Gorkha · first_building Stable |
| 12:23 | |AT| Gorkha · wall_segment Palisade Wall x1 |
| 12:25 | |AT| Gorkha · wall_segment Palisade Wall x8 |
| 12:27 | Weichbrot · wall_segment Palisade Wall x1 |
| 12:32 | Weichbrot · wall_segment Palisade Wall x1 |
| 12:51 | Weichbrot · age_up feudal |
| 12:52 | Weichbrot · first_building Stable |
| 13:00 | yecjoel · first_building Barracks |
| 13:08 | J10KQ · age_up feudal |
| 13:10 | Weichbrot · wall_segment Palisade Wall x7 |
| 13:10 | 牛奶罐 · wall_segment Palisade Wall x10 |
| 13:18 | Weichbrot · wall_segment Palisade Wall x3 |
| 13:20 | Weichbrot · wall_segment Palisade Wall x1 |
| 13:25 | yecjoel · age_up feudal |
| 13:28 | 牛奶罐 · age_up feudal |
| 13:29 | Weichbrot · wall_segment Palisade Wall x3 |
| 13:36 | |AT| Gorkha · wall_segment Palisade Wall x1 |
| 13:40 | |AT| Gorkha · wall_segment Palisade Wall x8 |
| 13:51 | Leonidas · age_up feudal |
| 13:58 | RoronoaZoro3785 · age_up feudal |
| 14:08 | |AT| Gorkha · wall_segment Palisade Wall x10 |
| 14:16 | yecjoel · first_building Stable |
| 14:40 | Weichbrot · wall_segment Palisade Wall x3 |
| 14:41 | Leonidas · first_building Barracks |
| 14:43 | Weichbrot · wall_segment Palisade Wall x2 |
| 14:45 | Weichbrot · wall_segment Palisade Wall x2 |
| 15:27 | SHK9682 · age_up feudal |
| 15:28 | J10KQ · wall_segment Palisade Wall x1 |
| 15:38 | SHK9682 · wall_segment Palisade Wall x1 |
| 15:42 | SHK9682 · wall_segment Palisade Wall x1 |
| 15:50 | |AT| Gorkha · wall_segment Palisade Wall x3 |
| 15:51 | |AT| Gorkha · wall_segment Palisade Wall x1 |
| 15:51 | |AT| Gorkha · wall_segment Palisade Wall x1 |
| 16:06 | J10KQ · wall_segment Palisade Wall x1 |
| 16:09 | J10KQ · wall_segment Palisade Wall x1 |
| 16:12 | SHK9682 · wall_segment Palisade Wall x1 |
| 16:13 | SHK9682 · wall_segment Palisade Wall x1 |
| 16:22 | J10KQ · wall_segment Palisade Wall x1 |
| 16:40 | J10KQ · first_market_sell 100 food |
| 16:40 | RoronoaZoro3785 · first_building Barracks |
| 16:43 | J10KQ · first_market_buy 100 stone |
| 16:53 | Leonidas · wall_segment Palisade Wall x1 |
| 16:54 | Leonidas · wall_segment Palisade Wall x1 |
| 16:59 | Leonidas · wall_segment Palisade Wall x1 |
| 17:00 | 牛奶罐 · wall_segment Palisade Wall x7 |
| 17:00 | Leonidas · wall_segment Palisade Wall x1 |
| 17:05 | Leonidas · wall_segment Palisade Wall x5 |
| 17:05 | J10KQ · age_up castle |
| 17:11 | Leonidas · wall_segment Palisade Wall x1 |
| 17:13 | Leonidas · wall_segment Palisade Wall x1 |
| 17:35 | Leonidas · age_up castle |
| 17:48 | J10KQ · first_building Castle |
| 17:49 | RoronoaZoro3785 · age_up castle |
| 17:50 | Weichbrot · first_market_sell 100 wood |
| 17:54 | Weichbrot · first_market_buy 100 food |
| 17:56 | RoronoaZoro3785 · first_market_sell 100 wood |
| 18:01 | RoronoaZoro3785 · first_market_buy 100 stone |
| 18:09 | RoronoaZoro3785 · first_building Castle |
| 18:27 | SHK9682 · first_market_sell 100 stone |
| 18:34 | 牛奶罐 · first_market_buy 100 food |
| 18:35 | SHK9682 · first_building Barracks |
| 18:37 | 牛奶罐 · first_market_sell 100 wood |
| 18:41 | RoronoaZoro3785 · wall_segment Palisade Wall x1 |
| 18:52 | Leonidas · wall_segment Palisade Wall x1 |
| 19:06 | Leonidas · wall_segment Palisade Wall x1 |
| 19:10 | RoronoaZoro3785 · wall_segment Palisade Wall x1 |
| 19:13 | RoronoaZoro3785 · wall_segment Palisade Wall x1 |
| 19:16 | RoronoaZoro3785 · wall_segment Palisade Wall x1 |
| 19:28 | SHK9682 · first_market_buy 100 food |
| 19:59 | |AT| Gorkha · first_building Archery Range |
| 20:03 | SHK9682 · age_up castle |
| 20:10 | Leonidas · first_building Siege Workshop |
| 20:56 | Weichbrot · age_up castle |
| 20:58 | Weichbrot · first_building Siege Workshop |
| 21:34 | Leonidas · wall_segment Palisade Wall x1 |
| 21:36 | 牛奶罐 · age_up castle |
| 21:45 | 牛奶罐 · first_building Castle |
| 21:58 | yecjoel · age_up castle |
| 22:17 | |AT| Gorkha · age_up castle |
| 22:43 | |AT| Gorkha · first_building Monastery |
| 23:19 | J10KQ · first_building Siege Workshop |
| 23:48 | SHK9682 · resign |
[ AI ANALYSIS · 1 CREDIT ]
What really happened in this match?
Wolo.gg analyzes every decision: build order, eco, micro, common mistakes by bracket. Personalized analysis on WhatsApp or Discord in 30 seconds.
Civ guide
Bohemians
Perfil
RoronoaZoro3785